 Dungeon Crawl Stone Soup version 0.21.1-1-g345015f (webtiles) character file.

140 Mirai the Skirmisher (level 5, -3/42 HPs)
             Began as a Demonspawn Fighter on Mar 11, 2018.
             Slain by Mirai's ghost (9 damage)
             ... on level 3 of the Dungeon.
             The game lasted 00:04:35 (1378 turns).

Mirai the Skirmisher (Demonspawn Fighter)           Turns: 1378, Time: 00:04:36

Health: -3/42      AC:  9    Str: 22    XL:     5   Next: 2%
Magic:  5/5        EV:  8    Int:  9    God:
Gold:   129        SH:  9    Dex: 13    Spells: 4/4 levels left

rFire    . . .     SeeInvis .   a - +0 war axe
rCold    . . .     Gourm    .   c - +0 shield
rNeg     . . .     Faith    .   b - +0 scale mail
rPois    .         Spirit   .   (no helmet)
rElec    .         Reflect  .   (no cloak)
rCorr    .         Harm     .   (no gloves)
MR       .....                  (no boots)
Stlth    +.........             (no amulet)
HPRegen  0.14/turn              (no ring)
MPRegen  0.09/turn              (no ring)

@: mighty, lethally poisoned (-3 -> -7)
A: molten scales 2, nightstalker 1
a: no special abilities


You were on level 3 of the Dungeon.
You were not hungry.

You visited 1 branch of the dungeon, and saw 3 of its levels.

You collected 129 gold pieces.

Inventory:

Hand Weapons
 a - a +0 war axe (weapon)
Armour
 b - a +0 scale mail (worn)
 c - a +0 shield (worn)
Scrolls
 j - a scroll of teleportation {unknown}
 l - 2 scrolls of magic mapping {unknown}
 m - a scroll of amnesia {unknown}
 n - a scroll of fog {unknown}
 o - a scroll of blinking {unknown}
 p - 3 scrolls of immolation {unknown}
Potions
 d - a potion of might
 e - 5 potions of curing {unknown}
 h - a potion of heal wounds {unknown}
 i - a potion of degeneration {unknown}
 k - 3 potions of flight {unknown}
Comestibles
 f - 7 rations
 g - 7 chunks of flesh


   Skills:
 + Level 3.7 Fighting
 + Level 3.2 Axes
 + Level 3.3 Armour
 * Level 1.5 Dodging
 - Level 2.6 Shields


You had 4 spell levels left.
You didn't know any spells.

Dungeon Overview and Level Annotations

Branches:
Dungeon (3/15)

Altars:

Annotations:
D:3 Mirai's ghost, weakling DsFi


Innate Abilities, Weirdness & Mutations

You are mostly covered in molten scales. (AC +3)
You are slightly more attuned to the shadows.


Message History

You barely miss the orc.
Your shield and scale mail prevent you from hitting the kobold.
You feel sick. You block the kobold's attack. You block the orc's attack.
You block the kobold's attack. The orc hits you.
* * * LOW HITPOINT WARNING * * *
You slash Mirai's ghost!
Mirai's ghost is heavily damaged.
You closely miss the hobgoblin. You slash the orc!
You kill the orc!
You have reached level 5!
Your demonic ancestry asserts itself...
You slip into the darkness of the dungeon.
You slash the orc!
You kill the orc!
You barely miss the kobold.
You feel sick. The hobgoblin closely misses you. Mirai's ghost hits you.
* * * LOW HITPOINT WARNING * * *
You block the bat's attack. You block the kobold's attack.
Mirai's ghost hits you!
You die...

##.##.### #.#
#..##.# #.#
#.###.#########.#
#.# #.........
#.# ##########
#.# # #.#
#####(#)#######
......b@K......
#####.gW#######
#..g# #...# #...#
#..(. ....#
##...#


You could see Mirai's ghost, a hobgoblin, a goblin, a bat and a kobold.

Vanquished Creatures
  An orc priest (D:3)
  An adder (D:2)
  6 oozes (D:1)
  2 worms
  5 orcs (D:3)
  7 giant cockroaches
  6 goblins
  8 hobgoblins
  2 jackals (D:1)
  A quokka (D:2)
  2 ball pythons (D:1)
  3 bats
  4 frilled lizards
  4 kobolds
  16 rats
68 creatures vanquished.

Notes
Turn   | Place    | Note
-------+----------+-------------------------------------------
     0 | D:1      | Mirai the Demonspawn Fighter began the quest for the Orb.
     0 | D:1      | Reached XP level 1. HP: 18/18 MP: 1/1
     1 | D:1      | Found a runed door.
    14 | D:1      | Gained mutation: You are partially covered in molten scales. (AC +2) [demonic ancestry]
    14 | D:1      | Reached XP level 2. HP: 22/24 MP: 2/2
    30 | D:1      | Reached skill level 1 in Dodging
    33 | D:1      | Reached XP level 3. HP: 27/29 MP: 3/3
   602 | D:2      | Gained mutation: You are mostly covered in molten scales. (AC +3) [demonic ancestry]
   602 | D:2      | Reached XP level 4. HP: 35/35 MP: 4/4
  1372 | D:3      | Noticed Mirai's ghost (weakling DsFi)
  1378 | D:3      | Gained mutation: You are slightly more attuned to the shadows. [demonic ancestry]
  1378 | D:3      | Reached XP level 5. HP: 12/42 MP: 5/5
  1378 | D:3      | Slain by Mirai's ghost

Skill      XL: |  1  2  3  4 |
---------------+-------------+-----
Axes           | 2 3 |  3.2
Armour         | 3 |  3.3
Dodging        | 1 |  1.5
Fighting       | |  3.7
Shields        | |  2.6

Action                   |  1- 3 |  4- 6 || total
-------------------------+-------+-------++-------
Melee: War axe           |   100 |    84 ||   184
  Use: Potion            |       |     1 ||     1
  Eat: Chunk             |       |     2 ||     2
Armor: Scale mail        |    50 |    52 ||   102
Dodge: Dodged            |    31 |    33 ||    64
Block: Shield            |    60 |    60 ||   120
